 Dungeon Crawl Stone Soup version 0.13-a0-2477-geaae114 (webtiles) character file.

1353 Rycklaryybbe the Martial Artist (level 8, -14/63 HPs)
             Began as a Red Draconian Monk on July 19, 2013.
             Was a Believer of Fedhas.
             Demolished by a goliath beetle (28 damage)
             ... on Level 6 of the Dungeon.
             The game lasted 00:21:32 (5646 turns).

Rycklaryybbe the Martial Artist (DrMo)              Turns: 5646, Time: 00:21:32

HP -14/63        AC  8     Str 14      XL: 8   Next: 11%
MP   7/7         EV 13     Int 10      God: Fedhas [**....]
Gold 250         SH  0     Dex 16      Spells:  1 memorised,  6 levels left

Res.Fire  : + . .   See Invis. : .     - Unarmed
Res.Cold  : . . .   Warding    : .   (armour unavailable)
Life Prot.: . . .   Conserve   : .   (no shield)
Res.Poison: .       Res.Corr.  : .   (helmet restricted)
Res.Elec. : .       Clarity    : .   w - +1 cloak (curse)
Sust.Abil.: . .     Spirit.Shd : .   (no gloves)
Res.Mut.  : .       Stasis     : .   (no boots)
Res.Rott. : .       Flight     : .   (no amulet)
Saprovore : . . .                    (no ring)
                                     (no ring)

@: short of breath, slightly resistant to hostile enchantments, fairly stealthy
A: breathe fire, unfitting armour, fire resistance 1, slow metabolism 1, AC +6
a: Breathe Fire, Evolution, Sunlight, Renounce Religion


You were on level 6 of the Dungeon.
You worshipped Fedhas.
Fedhas was most pleased with you.
You were hungry.

You visited 2 branches of the dungeon, and saw 7 of its levels.

You collected 250 gold pieces.

Inventory:

Hand weapons
 b - a +0 orcish blowgun
 p - a +0,+0 spear
 r - a +0,+0 hand axe (quivered)
Missiles
 t - 16 poisoned needles
Armour
 f - a +0 shield
 w - a cursed +1 cloak (worn)
Magical devices
 g - a wand of random effects (4) {unknown}
Comestibles
 j - a cheese
 k - 4 chunks of orc flesh
 s - 8 bread rations
 u - a choko
 z - a rotting chunk of iguana flesh
 A - a rotting chunk of bat flesh
Scrolls
 a - 5 scrolls of identify
 c - 4 scrolls of remove curse
 e - 4 scrolls of teleportation
 h - 4 scrolls of blinking
 v - 3 scrolls of amnesia
Jewellery
 l - an uncursed ring of fire
Potions
 d - a potion of might
 i - 5 potions of curing
 m - a potion of invisibility
Books
 n - a book of Hinderance

   Spells                             Type                      Level
   *Confusing Touch                   Hexes                        1
   Slow                               Hexes                        2
   Confuse                            Hexes                        3
   Petrify                            Transmutation/Earth          4
   Leda's Liquefaction                Hexes/Earth                  4
   Metabolic Englaciation             Hexes/Ice                    6
 q - a book of Enchantments

   Spells                             Type                      Level
   Cause Fear                         Hexes                        4
   Silence                            Hexes/Air                    5
   Tukima's Dance                     Hexes                        5
   Deflect Missiles                   Charms/Air                   6
   Haste                              Charms                       6
   Discord                            Hexes                        8


   Skills:
 - Level 3.2 Fighting
 - Level 2.6 Dodging
 - Level 1.7 Stealth
 + Level 10.3 Unarmed Combat


You had 6 spell levels left.
You knew the following spells:

 Your Spells              Type           Power        Failure   Level  Hunger
a - Confusing Touch       Hex            #.........   38%         1    ##.....


Dungeon Overview and Level Annotations

Branches:
Dungeon (6/27)             Temple (1/1) D:5
    Orc: D:6-11

Altars:
Ashenzari
Cheibriados
Elyvilon
Fedhas
Kikubaaqudgha
Makhleb
Nemelex Xobeh
Okawaru
Sif Muna
Trog
Vehumet
Xom
Yredelemnul
Zin
the Shining One


Innate Abilities, Weirdness & Mutations

You can breathe blasts of fire.
Your fiery red scales are hard (AC +6).
Your body does not fit into most forms of armour.
Your cold-blooded metabolism reacts poorly to cold.
Your flesh is heat resistant.
You have a slow metabolism.


Message History

The goliath beetle is heavily wounded.
The goliath beetle bites you!
You punch the goliath beetle!
You punch the goliath beetle, but do no damage.
The goliath beetle is severely wounded.
You barely miss the goliath beetle.
You tail-slap the goliath beetle, but do no damage.
The goliath beetle is severely wounded.
You hit the goliath beetle. You tail-slap the goliath beetle.
The goliath beetle is severely wounded.
The goliath beetle bites you!
* * * LOW HITPOINT WARNING * * *
You hit the goliath beetle.
The goliath beetle is almost dead.
You hit the goliath beetle but do no damage.
You tail-slap the goliath beetle, but do no damage.
The goliath beetle is almost dead.
The goliath beetle bites you!
You die...
Fedhas appreciates your contribution to the ecosystem.

#####.......:!#
#.....#.#####.#####.#
)........B...#.....%#
#.#####.#####.# #
#.#####.#####
#.#####.....>...ยง.#
........########..#
..####### #B.# ..# #@.# ..#
#..#####
..##############.%#...
.......<......##))#.#######
..#.##.r.####.##.)[.........
..##.#5#5# #.##.##.#######
.>###..#.####.##.##.########
..#.r..#....#.##.##........#
....#######.r....#########.#


You could see a goliath beetle.

Vanquished Creatures
  An orc warrior (D:6)
  A sky beast (D:6)
  3 centaurs (D:5)
  2 crimson imps (D:5)
  3 hounds
  2 scorpions (D:6)
  An orc priest (D:5)
  A giant frog skeleton (D:4)
  3 orc wizards
  An iguana (D:6)
  2 worker ants
  Ijyb (D:6)
  Jessica (D:3)
  An ogre zombie (D:3)
  An ogre skeleton (D:5)
  5 adders
  A worm (D:3)
  An iguana zombie (D:6)
  A scorpion zombie (D:3)
  A giant gecko (D:3)
  9 orcs
  17 bats
  A bat skeleton (D:3)
  A bat zombie (D:5)
  8 goblins
  7 hobgoblins
  11 jackals
  2 quokkas (D:2)
  A ball python (D:3)
  A giant gecko skeleton (D:3)
  3 giant newts
  A hobgoblin skeleton (D:3)
  A hobgoblin zombie (D:3)
  10 kobolds
  A kobold skeleton (D:3)
  A kobold zombie (D:3)
  13 rats
  A rat skeleton (D:3)
122 creatures vanquished.

Vanquished Creatures (collateral kills)
  An orc (D:6)
1 creature vanquished.

Vanquished Creatures (others)
  2 toadstools (D:6)
2 creatures vanquished.

Grand Total: 125 creatures vanquished

Notes
Turn   | Place    | Note
--------------------------------------------------------------
     0 | D:1      | Rycklaryybbe, the Draconian Monk, began the quest for the Orb.
     0 | D:1      | Reached XP level 1. HP: 17/17 MP: 0/0
   364 | D:1      | Reached XP level 2. HP: 24/24 MP: 1/1
   915 | D:2      | Reached skill level 5 in Unarmed Combat
   915 | D:2      | Reached XP level 3. HP: 17/30 MP: 2/2
  1518 | D:3      | Noticed Jessica
  1522 | D:3      | Killed Jessica
  1522 | D:3      | Reached XP level 4. HP: 27/37 MP: 3/3
  1627 | D:3      | Reached skill level 6 in Unarmed Combat
  1956 | D:3      | Reached XP level 5. HP: 44/44 MP: 4/4
  2078 | D:4      | Gained mutation: Your body is slowly deteriorating. [potion of mutation]
  2078 | D:4      | Lost mutation: Your body is slowly deteriorating. [potion of mutation]
  2078 | D:4      | Gained mutation: You have a slow metabolism. [potion of mutation]
  2624 | D:4      | Reached skill level 7 in Unarmed Combat
  2643 | D:4      | Found a white marble altar of Elyvilon.
  2645 | D:4      | Noticed an angel
  3000 | D:4      | Reached XP level 6. HP: 50/50 MP: 5/5
  3039 | D:5      | Entered Level 5 of the Dungeon
  3294 | D:5      | Reached skill level 8 in Unarmed Combat
  3540 | D:5      | Learned a level 1 spell: Confusing Touch
  4028 | D:5      | Your scales start taking on a fiery red colour.
  4028 | D:5      | Gained mutation: Your flesh is heat resistant. [draconian maturity]
  4028 | D:5      | Reached XP level 7. HP: 33/56 MP: 6/6
  4090 | D:5      | HP: 2/56 [centaur (9)]
  4092 | D:5      | Reached skill level 9 in Unarmed Combat
  4590 | D:5      | Found a staircase to the Ecumenical Temple.
  4665 | Temple   | Entered the Ecumenical Temple
  4831 | Temple   | Became a worshipper of Fedhas Madash
  4831 | Temple   | Acquired Fedhas' first power
  4831 | Temple   | Acquired Fedhas' second power
  5087 | D:6      | Noticed Ijyb
  5094 | D:6      | Killed Ijyb
  5438 | D:6      | Reached skill level 10 in Unarmed Combat
  5447 | D:6      | Reached XP level 8. HP: 42/63 MP: 7/7
  5646 | D:6      | Demolished by a goliath beetle

Action                   |  1- 3 |  4- 6 |  7- 9 || total
-------------------------+-------+-------+-------++-------
Melee: Unarmed           |   120 |   229 |   114 ||   463
 Fire: Blowgun           |       |     6 |       ||     6
Throw: Hand axe          |     3 |       |       ||     3
 Abil: Breathe Fire      |       |       |     5 ||     5
  Use: Potion            |     2 |    10 |     2 ||    14
       Scroll            |       |     6 |     6 ||    12
 Stab: Sleeping          |     2 |     9 |     1 ||    12
       Invisible         |       |     4 |       ||     4
       Distracted        |       |     1 |       ||     1
